 Dungeon Crawl Stone Soup version 0.30-a0-696-g2367cd04db (webtiles) character file.

Game seed: 14933447992391972513

2131 QueenGhuleh the Cleaver (level 9, -1/79 HPs)
             Began as a Minotaur Berserker on Jan 20, 2023.
             Was an Elder of Trog.
             Slain by a hornet (4 damage)
             ... on level 8 of the Dungeon.
             The game lasted 00:12:45 (5711 turns).

QueenGhuleh the Cleaver (Minotaur Berserker)        Turns: 5711, Time: 00:12:46

Health: -1/79      AC: 15    Str: 25    XL:     9   Next: 9%
Magic:  8/8        EV:  8    Int:  4    God:    Trog [****..]
Gold:   430        SH:  0    Dex: 11    Spells: 8/8 levels left

rFire   . . .      SeeInvis .    g - +0 war axe
rCold   . . .      Faith    .    (no shield)
rNeg    . . .      Spirit   .    x - +0 plate armour
rPois   .          Reflect  .    (helmet restricted)
rElec   .          Harm     .    (no cloak)
rCorr   .          Rampage  .    u - +1 pair of gloves
Will    .....                    (no boots) Stlth
                                 (no amulet)
HPRegen 0.33/turn                (no ring)
MPRegen 0.11/turn                (no ring)

@: lethally poisoned (-1 -> -17), on berserk cooldown, slowed, very slow
A: horns 2, retaliatory headbutt
a: Renounce Religion, Berserk, Trog's Hand, Brothers in Arms


You were on level 8 of the Dungeon.
You worshipped Trog.
Trog was greatly pleased with you.
You visited 1 branch of the dungeon, and saw 8 of its levels.

You collected 430 gold pieces.

Inventory:

Hand Weapons
 a - a +0 hand axe
 g - a +0 war axe (weapon)
Armour
 u - a +1 pair of gloves (worn)
 x - a +0 plate armour (worn)
Jewellery
 m - a ring of ice
 y - an amulet of the acrobat
Wands
 q - a wand of mindburst (7)
 s - a wand of charming (15)
 t - a wand of light (14)
Scrolls
 b - a scroll of acquirement {unknown}
 c - 10 scrolls of identify {unknown}
 d - 8 scrolls of teleportation {unknown}
 j - 4 scrolls of blinking {unknown}
 k - 3 scrolls of enchant weapon {unknown}
 o - a scroll of vulnerability {unknown}
 p - 3 scrolls of immolation {unknown}
 r - a scroll of enchant armour {unknown}
 w - a scroll of poison {unknown}
Potions
 e - 3 potions of flight {unknown}
 f - a potion of lignification {unknown}
 h - a potion of ambrosia {unknown}
 i - 3 potions of heal wounds {unknown}
 l - a potion of berserk rage {unknown}
 n - 2 potions of degeneration {unknown}
 v - 2 potions of curing {unknown}
 z - 3 potions of mutation {unknown}


   Skills:
 + Level 7.3 Fighting
 + Level 10.7 Axes
 + Level 7.5 Armour
 + Level 3.4 Dodging
 + Level 1.1 Stealth


You had 8 spell levels left.
You didn't know any spells.
Your spell library was empty.

Dungeon Overview and Level Annotations

Branches:
Dungeon (8/15)             Temple (0/1) D:7
   Lair: D:8-11

Altars:
Ashenzari
Cheibriados
Dithmenos
Gozag
Makhleb
Ru
Wu Jian
Xom
The Shining One

Shops:
D:7 [


Innate Abilities, Weirdness & Mutations

You have a pair of horns on your head.
You reflexively headbutt those who attack you in melee.


Message History

You headbutt the hornet! You hit the hornet but do no damage.
The hornet is moderately wounded.
The hornet stings you but does no damage.
The hornet stings you.
You feel as though you will be slow longer.
You hit the hornet but do no damage.
You headbutt the hornet, but do no damage.
The hornet is moderately wounded.
The hornet stings you!
You feel as though you will be slow longer.
The hornet stings you.
You are poisoned.
You suddenly lose the ability to move!
You feel very sick. The hornet stings you!
* * * LOW HITPOINT WARNING * * *
You are more poisoned.
You feel as though you will be slow longer.
You can move again.
Aiming: Mindburst
Press: ? - help, Q - select action, (/) - cycle Shift-Dir - straight line, f - hornet
Aim: a hornet (moderately wounded, chance to affect: 55%)
The hornet resists with significant effort.
* * * LOW HITPOINT WARNING * * *
You feel very sick. The hornet stings you.
* * * LOW HITPOINT WARNING * * *
You feel as though you will be slow longer.
The hornet stings you.
* * * LOW HITPOINT WARNING * * *
You are more poisoned.
You feel as though you will be slow longer.
The hornet barely misses you.
You hit the hornet but do no damage.
The hornet is moderately wounded.
* * * LOW HITPOINT WARNING * * *
You feel extremely sick. The hornet stings you.
You die...

........ ......#
#.....# ##.....#
#####......#
##..........?# #
##..#####.....#.#
................#
........##).@.###
####<.)..y.#
#..)....#
#..####...# #..##
###.... #.# ###.
#. .. ##


You could see a hornet.

Vanquished Creatures
  Grinder (D:4)
  Menkaure (D:7)
  2 ice beasts
  A black bear (D:5)
  An ogre (D:4)
  A centaur (D:7)
  A phantom (D:5)
  A bullfrog (D:6)
  A kobold brigand (D:7)
  A necrophage (D:7)
  2 scorpions
  A gnoll sergeant (D:6)
  5 wights (D:8)
  An orc priest (D:7)
  9 jellies
  Jessica (D:2)
  2 iguanas
  Terence (D:3)
  2 orc wizards
  Robin (D:2)
  4 gnolls (D:6)
  4 adders
  A white imp (D:7)
  An ufetubus (D:4)
  4 worms
  15 orcs
  3 endoplasms
  2 giant cockroaches
  13 hobgoblins
  8 kobolds
  6 quokkas
  6 ball pythons
  3 bats
  3 frilled lizards
  12 goblins
  5 rats
126 creatures vanquished.

Notes
Turn   | Place    | Note
-------+----------+-------------------------------------------
     0 | D:1      | QueenGhuleh the Minotaur Berserker began the quest for the
                  | Orb.
     0 | D:1      | Reached XP level 1. HP: 19/19 MP: 0/0
    65 | D:1      | Reached skill level 4 in Axes
    65 | D:1      | Reached XP level 2. HP: 16/27 MP: 1/1
   674 | D:2      | Found a faded altar of an unknown god.
   710 | D:2      | Noticed Jessica
   714 | D:2      | Killed Jessica
   715 | D:2      | Reached XP level 3. HP: 34/34 MP: 2/2
   719 | D:2      | Noticed Robin
   723 | D:2      | Reached ** piety under Trog
   730 | D:2      | Killed Robin
   734 | D:2      | Reached XP level 4. HP: 21/41 MP: 3/3
   857 | D:2      | Reached skill level 5 in Axes
  1093 | D:2      | You fall into a shaft and drop 1 floor!
  1165 | D:3      | Found an opulent altar of Gozag.
  1445 | D:3      | Noticed Terence
  1452 | D:3      | Killed Terence
  1453 | D:3      | Reached XP level 5. HP: 47/47 MP: 4/4
  1706 | D:4      | Noticed Grinder
  1719 | D:4      | HP: 2/47 [Grinder (2)]
  1720 | D:4      | Killed Grinder
  1721 | D:4      | Reached skill level 5 in Fighting
  1721 | D:4      | Reached skill level 6 in Axes
  1721 | D:4      | Reached XP level 6. HP: 3/56 MP: 5/5
  1990 | D:4      | Reached *** piety under Trog
  2030 | D:4      | Reached skill level 7 in Axes
  2461 | D:5      | Entered Level 5 of the Dungeon
  2467 | D:5      | Found a glowing drain.
  2532 | D:5      | Reached XP level 7. HP: 59/61 MP: 6/6
  2700 | D:5      | Reached skill level 5 in Armour
  2972 | D:5      | Reached skill level 8 in Axes
  3608 | D:6      | Found a shimmering altar of Xom.
  3835 | D:6      | Found a snail-covered altar of Cheibriados.
  3846 | D:6      | Reached XP level 8. HP: 57/70 MP: 7/7
  3885 | D:6      | Found a sacrificial altar of Ru.
  3891 | D:6      | Found a glowing golden altar of the Shining One.
  3894 | D:6      | Found a shadowy altar of Dithmenos.
  3896 | D:6      | Found a burning altar of Makhleb.
  3901 | D:6      | Found a broken altar of Ashenzari.
  4194 | D:6      | Reached skill level 9 in Axes
  4462 | D:6      | Found an ornate altar of the Wu Jian Council.
  4882 | D:7      | Noticed Menkaure
  4886 | D:7      | Reached skill level 1 in Stealth
  4890 | D:7      | Killed Menkaure
  4970 | D:7      | Found a staircase to the Ecumenical Temple.
  5323 | D:7      | Found Orolyguk's Antique Armour Emporium.
  5412 | D:7      | Reached skill level 10 in Axes
  5667 | D:8      | Reached **** piety under Trog
  5671 | D:8      | Reached XP level 9. HP: 43/79 MP: 8/8
  5708 | D:8      | Paralysed by a hornet for 2 turns
  5711 | D:8      | HP: 3/79 [poisoned by a hornet]
  5711 | D:8      | Slain by a hornet

Illustrated notes

Levels and vault maps discovered:
D:1:      tekkud_arrival_beachfront_property, layout_rooms,
          corexii_leaking_fountain
D:2:      minmay_evil_eye, layout_basic, shapermc_ecumenical_altar_totnotflames,
          minmay_misc_feat_four_crosses, uniq_robin, uniq_jessica
D:3:      layout_rooms, mainiacjoe_overflow_paths, minmay_misc_feat_rugged,
          minmay_misc_feat_room, uniq_terence
D:4:      layout_cave_pools, nrook_mini_vaults, hangedman_decor_clover_reticule,
          minmay_misc_feat_plants, minmay_ruptured, uniq_grinder
D:5:      layout_basic, portal_sewer_entry_d
D:6:      cheibrodos_iron_armory, layout_basic, old_standard_altar,
          mainiacjoe_overflow_alcove_4, nicolae_overflow_hallway_of_the_gods
D:7:      layout_gridville, minmay_temple_entry_glass, serial_shops,
          nicolae_shop_crystal, uniq_menkaure
D:8:      layout_rooms

Skill      XL: |  1  2  3  4  5  6  7  8 |
---------------+-------------------------+-----
Axes           | 4 5 6 7 8 10 | 10.7
Fighting       | 4 5 6 7 |  7.3
Armour         | 3 4 5 7 |  7.5
Dodging        | 3 |  3.4
Stealth        | 1 |  1.1

Action                   |  1- 3 |  4- 6 |  7- 9 || total
-------------------------+-------+-------+-------++-------
Melee: Hand axe          |    29 |       |       ||    29
       Headbutt          |     6 |    12 |    32 ||    50
       War axe           |    35 |    98 |   137 ||   270
       Punch             |       |     1 |     3 ||     4
Invok: Berserk           |       |     3 |     3 ||     6
Evoke: Wand              |       |       |     1 ||     1
Armor: Animal skin       |     2 |       |       ||     2
       Ring mail         |    13 |    15 |       ||    28
       Scale mail        |       |     5 |    13 ||    18
       Plate armour      |       |       |    62 ||    62
Dodge: Dodged            |    40 |    49 |    52 ||   141

Table legend: (Time is in decaauts)
 A = Elapsed time spent in this place.
 B = Non-inter-level travel time spent in this place.
 C = Inter-level travel time spent in this place.
 D = Time resting spent in this place.
 E = Time spent auto-exploring this place.
 F = Levels seen in this place.
 G = Mean time per level.
                   A        B        C        D        E       F      G
               +--------+--------+--------+--------+--------+-----+--------+
         Total |   5806 |   5635 |    171 |      0 |   4830 |   8 |  725.8 |
       Dungeon |   5806 |   5635 |    171 |      0 |   4830 |   8 |  725.8 |
               +--------+--------+--------+--------+--------+-----+--------+

Top non-repeatable levels by time:
     D:6: 1194 daAuts
     D:5: 1159 daAuts
     D:7: 875 daAuts
     D:4: 783 daAuts
     D:1: 619 daAuts
     D:3: 612 daAuts
     D:2: 499 daAuts
     D:8: 62 daAuts
